 Dungeon Crawl Stone Soup version 0.31-a0-986-g5e6e4ef867 (webtiles) character file.

Game seed: 1442987356810800410

8537 Fodor the Basher (level 11, -6/95 HPs)
             Began as a Minotaur Fighter on Nov 19, 2023.
             Was an Initiate of Gozag.
             Mangled by Rupert
             ... wielding a +3 battleaxe of flaming
              (7 damage)
             ... on level 12 of the Dungeon.
             The game lasted 00:53:18 (9365 turns).

Fodor the Basher (Minotaur Fighter)                 Turns: 9365, Time: 00:53:23

Health: -6/95      AC: 23    Str: 25    XL:     11   Next: 11%
Magic:  10/10      EV: 13    Int:  5    God:    Gozag
Gold:   1086       SH: 11    Dex: 16    Spells: 10/10 levels left

rFire   . . .        x - +5 flail (heavy)
rCold   . . .        c - +0 buckler
rNeg    . . .        J - +1 plate armour
rPois   .            y - +2 hat {Stlth+}
rElec   .            (no cloak)
rCorr   .            h - +1 pair of gloves
SInv    .            n - +2 pair of boots {rampage}
Will    +....        f - amulet of reflection Stlth
                     k - +5 ring of evasion
HPRegen 0.35/turn    H - +6 ring of dexterity
MPRegen 0.12/turn

%: reflection, rampage
@: mighty, enlightened, flying
A: horns 2, retaliatory headbutt
a: Renounce Religion, Potion Petition, Call Merchant, Bribe Branch


You were on level 12 of the Dungeon.
You worshipped Gozag.
Gozag was most pleased with you.
You visited 1 branch of the dungeon, and saw 12 of its levels.

You collected 2076 gold pieces.
You spent 528 gold pieces at shops.
You paid 462 gold pieces to Gozag.

Inventory:

Hand Weapons
 x - a +5 heavy flail (weapon)
 G - a +0 shortbow
 M - a +0 battleaxe
Missiles
 A - 7 boomerangs (quivered)
Armour
 c - a +0 buckler (worn)
 h - a +1 pair of gloves (worn)
 n - a +2 pair of boots of rampaging (worn)
 y - a +2 hat of stealth (worn)
 J - a +1 plate armour (worn)
Jewellery
 f - an amulet of reflection (around neck)
 i - an amulet of guardian spirit
 k - a +5 ring of evasion (left hand)
 F - a ring of fire
 H - a +6 ring of dexterity (right hand)
 K - a +4 ring of protection
Talismans
 p - a maw talisman
 D - a flux talisman
Wands
 v - a wand of iceblast (7)
Scrolls
 a - a scroll of immolation
 g - 2 scrolls of revelation
 l - a scroll of vulnerability {unknown}
 m - 3 scrolls of amnesia
 r - a scroll of silence {unknown}
 s - a scroll of torment {unknown}
 u - 2 scrolls of blinking {unknown}
 C - a scroll of fear
 I - a scroll of brand weapon {unknown}
Potions
 b - 3 potions of degeneration {unknown}
 e - 2 potions of experience {unknown}
 j - 4 potions of haste {unknown}
 o - 4 potions of enlightenment
 q - 3 potions of attraction {unknown}
 t - 2 potions of invisibility {unknown}
 w - 6 potions of curing {unknown}
 z - 4 potions of heal wounds {unknown}
 B - 2 potions of magic {unknown}
 E - a potion of brilliance {unknown}
 L - a potion of ambrosia {unknown}


   Skills:
 + Level 8.9 Fighting
 + Level 5.0(9.2) Axes
 + Level 12.0(12.4) Maces & Flails
 + Level 4.0 Throwing
 + Level 10.3 Armour
 + Level 2.9 Dodging
 + Level 2.7 Stealth
 + Level 8.1 Shields


You had 10 spell levels left.
You didn't know any spells.
Your spell library contained the following spells:

 Spells                   Type           Power      Damage    Failure   Level
 Magic Dart               Conj           0%         1d3       99%         1
 Sandblast                Erth           0%         2d4       99%         1
 Slow                     Hex            0%         N/A       99%         1
 Summon Small Mammal      Summ           0%         N/A       99%         1
 Call Imp                 Summ           0%         N/A       100%        2
 Passwall                 Tmut/Erth      0%         N/A       100%        2
 Sublimation of Blood     Necr           0%         N/A       100%        2
 Call Canine Familiar     Summ           0%         N/A       100%        3
 Confusing Touch          Hex            0%         N/A       100%        3
 Gell's Gravitas          Tloc           0%         N/A       100%        3
 Mephitic Cloud           Conj/Pois/Air  0%         N/A       100%        3
 Sigil of Binding         Hex            0%         N/A       100%        3
 Stone Arrow              Conj/Erth      0%         3d7       100%        3
 Summon Guardian Golem    Hex/Summ       0%         N/A       100%        3
 Vampiric Draining        Necr           0%         2d6       100%        3
 Volatile Blastmotes      Fire/Tloc      0%         2d10      100%        3
 Brom's Barrelling Bould  Conj/Erth      0%         2d3       100%        4
 Cause Fear               Hex            0%         N/A       100%        4
 Fulminant Prism          Conj/Hex       0%         3d5       100%        4
 Iskenderun's Mystic Bla  Conj/Tloc      0%         2d3       100%        4
 Petrify                  Tmut/Erth      0%         N/A       100%        4
 Fireball                 Conj/Fire      0%         3d3       100%        5
 Irradiate                Conj/Tmut      0%         3d11      100%        5
 Dispersal                Tloc           0%         N/A       100%        6
 Orb of Destruction       Conj           0%         9d5       100%        7
 Spellforged Servitor     Conj/Summ      0%         N/A       100%        7
 Dragon's Call            Summ           0%         N/A       100%        9


Dungeon Overview and Level Annotations

Branches:
Dungeon (12/15)            Temple (0/1) D:7            Lair (0/5) D:11
    Orc: D:9-12

Altars:
Gozag
Makhleb
Sif Muna
Yredelemnul

Shops:
D:1 *   D:3 [   D:10 [

Annotations:
D:10 1 runed translucent door
D:12 Rupert


Innate Abilities, Weirdness & Mutations

You have a pair of horns on your head.
You reflexively headbutt those who attack you in melee.


Message History

You are confused.
You bump into the rock wall.
You bump into the rock wall.
You bump into the rock wall.
Rupert roars wildly at you.
You suddenly lose the ability to move!
The komodo dragon bites you!
The komodo dragon bites you but does no damage.
You can move again.
You bump into the rock wall.
You feel less confused. The komodo dragon bites you!
Rupert roars wildly at you.
You are confused.
You hit the komodo dragon. Your headbutt misses the komodo dragon.
The komodo dragon is lightly wounded.
The komodo dragon barely misses you.
Rupert roars madly and goes into a rage!
Rupert goes berserk!
The komodo dragon bites you!
You bump into the rock wall.
The komodo dragon bites you!
You feel very mighty all of a sudden. Rupert closely misses you.
The komodo dragon closely misses you.
You are too confused!
You feel less confused. Rupert attacks as he pursues you! Rupert misses you.
The komodo dragon bites you but does no damage.
Rupert hits you with a +3 battleaxe of flaming!!
* * * LOW HITPOINT WARNING * * *
Rupert burns you!
* * * LOW HITPOINT WARNING * * *
It was a potion of enlightenment.
You feel very buoyant.
You fly up into the air.
You block the komodo dragon's attack.
Rupert hits you with a +3 battleaxe of flaming!
* * * LOW HITPOINT WARNING * * *
Rupert burns you!
You die...
Rupert roars with triumph.
Your body crumbles into a pile of gold.

### #. #.. ..
.# ##.###.#
..## ......#
... #.#<.. #..
#.#.#.#.#
####.##.<.....#
#/.!....#.#####
.......@#...
..(...l@#...#
........#...#
..........@>#
........#......
...##.$.####...
... #.... .. ##
#####


You could see Rupert (berserk) and a komodo dragon.

Vanquished Creatures
  Snorg (D:10)
  A two-headed ogre (D:10)
  A gargoyle (D:10)
  Jeremiah (D:6)
  An unseen horror (D:11)
  A rime drake (D:11)
  3 trolls
  2 shadows
  2 wyverns (D:10)
  7 yaks
  3 vampire mosquitoes (D:10)
  A water moccasin (D:5)
  5 ice beasts
  A sky beast (D:6)
  3 orc warriors
  A black bear (D:5)
  2 wolves (D:11)
  2 centaurs
  2 phantoms
  2 kobold brigands
  4 bullfrogs
  2 scorpions (D:6)
  4 wights (D:7)
  4 killer bees (D:8)
  3 howler monkeys
  2 hounds
  A gnoll bouda (D:8)
  9 orc priests
  6 iguanas
  A sleepcap (D:5)
  10 orc wizards
  11 gnolls
  8 adders
  4 shadow imps
  A white imp (D:7)
  A dart slug (D:3)
  34 orcs
  3 ball pythons
  4 endoplasms
  2 giant cockroaches (D:3)
  8 goblins
  7 hobgoblins
  2 jackals (D:4)
  4 quokkas
  9 bats
  3 frilled lizards
  20 kobolds
  A kobold zombie (D:10)
  3 rats
213 creatures vanquished.

Notes
Turn   | Place    | Note
-------+----------+-------------------------------------------
     0 | D:1      | Fodor the Minotaur Fighter began the quest for the Orb.
     0 | D:1      | Reached XP level 1. HP: 19/19 MP: 0/0
   134 | D:1      | Found Eniz's General Store.
   211 | D:1      | Reached XP level 2. HP: 26/27 MP: 1/1
   474 | D:1      | Found a faded altar of an unknown god.
   497 | D:1      | Prayed at the altar of an unknown god.
   497 | D:1      | Became a worshipper of Gozag Ym Sagoz the Greedy
  1045 | D:2      | Reached XP level 3. HP: 32/33 MP: 2/2
  1810 | D:3      | Reached XP level 4. HP: 40/40 MP: 3/3
  2457 | D:3      | Found Wofeqiqaq's Armour Boutique.
  2470 | D:3      | Bought a +2 hat of stealth for 273 gold pieces
  2979 | D:4      | Noticed a phantom
  2987 | D:4      | Killed a phantom
  2988 | D:4      | Reached XP level 5. HP: 39/47 MP: 2/4
  3298 | D:4      | Reached skill level 1 in Maces & Flails
  3393 | D:4      | Reached skill level 1 in Dodging
  3393 | D:4      | Reached XP level 6. HP: 50/53 MP: 5/5
  3670 | D:4      | Found a shimmering blue altar of Sif Muna.
  3881 | D:5      | Entered Level 5 of the Dungeon
  3901 | D:5      | Reached skill level 5 in Armour
  3930 | D:5      | Noticed a water moccasin
  3936 | D:5      | Killed a water moccasin
  3937 | D:5      | Reached skill level 5 in Axes
  3937 | D:5      | Reached skill level 2 in Maces & Flails
  4017 | D:5      | Reached skill level 3 in Maces & Flails
  4017 | D:5      | Reached XP level 7. HP: 29/60 MP: 3/6
  4032 | D:5      | Reached skill level 5 in Fighting
  4238 | D:5      | Reached skill level 4 in Maces & Flails
  4238 | D:5      | Reached skill level 1 in Throwing
  4389 | D:5      | Found a burning altar of Makhleb.
  4522 | D:6      | Noticed Jeremiah
  4552 | D:6      | Reached skill level 1 in Stealth
  4673 | D:6      | Killed Jeremiah
  4674 | D:6      | Reached skill level 5 in Maces & Flails
  4674 | D:6      | Reached skill level 5 in Shields
  4674 | D:6      | Reached XP level 8. HP: 7/70 MP: 1/7
  5188 | D:6      | Reached skill level 6 in Maces & Flails
  5554 | D:7      | Found a staircase to the Ecumenical Temple.
  5563 | D:7      | Reached skill level 7 in Maces & Flails
  5726 | D:7      | Reached skill level 8 in Maces & Flails
  5726 | D:7      | Reached XP level 9. HP: 62/78 MP: 8/8
  5809 | D:7      | Reached skill level 9 in Maces & Flails
  7182 | D:9      | Noticed a troll
  7187 | D:9      | Killed a troll
  7346 | D:9      | Reached skill level 10 in Maces & Flails
  7612 | D:9      | Reached XP level 10. HP: 88/88 MP: 9/9
  7838 | D:10     | Identified the "Cylewkul"
  7838 | D:10     | Entered Level 10 of the Dungeon
  7840 | D:10     | Noticed a two-headed ogre
  7846 | D:10     | Killed a two-headed ogre
  7882 | D:10     | Noticed a gargoyle
  7887 | D:10     | Killed a gargoyle
  7904 | D:10     | Found a runed translucent door.
  8344 | D:10     | Found a basalt altar of Yredelemnul.
  8412 | D:10     | Reached skill level 11 in Maces & Flails
  8553 | D:10     | Noticed Snorg
  8561 | D:10     | Killed Snorg
  8778 | D:10     | Bought a pair of embroidered boots for 255 gold pieces
  8822 | D:11     | Reached skill level 10 in Armour
  9096 | D:11     | Reached XP level 11. HP: 95/95 MP: 10/10
  9191 | D:11     | Found a staircase to the Lair.
  9196 | D:11     | Reached skill level 12 in Maces & Flails
  9353 | D:12     | Noticed Rupert
  9356 | D:12     | Paralysed by Rupert for 3 turns
  9365 | D:12     | HP: 1/95 [Rupert/+3 battleaxe of flaming (16)]
  9365 | D:12     | Mangled by Rupert

Illustrated notes

Levels and vault maps discovered:
D:1:      dpeg_arrival_morbid_curiosity, layout_loops_ring, serial_shops, shop,
          hellmonk_ecumenical_altar_heavens_door, minmay_misc_feat_pillars
D:2:      layout_basic, ebering_dispersal_statue_hall, minmay_misc_feat_roman,
          chequers_serial_rivers_small_b, st_stairs_2
D:3:      layout_loops_corners, serial_co_window_serial, co_window_paths_a,
          co_window_corner_a, co_window_paths_a, co_window_paths_b,
          co_window_corner_a, co_window_corner_cb, co_window_broadway_c,
          co_window_paths_c, co_window_corner_ca, co_window_unsneaky_path_a,
          co_window_of_opportunity_c, co_window_2corner, glass_columns_a,
          glass_columns_a, glass_columns_b, glass_columns_a, glass_columns_a,
          serial_shops, shop
D:4:      layout_loops_corners, nicolae_sif_muna_condensation,
          hangedman_abyss_or_decor_stabs
D:5:      layout_cave_pools, lightli_temple_of_fire, hangedman_glass_teeth
D:6:      layout_loops_ring, uniq_jeremiah
D:7:      layout_basic, minmay_temple_entry_stoned_glass
D:8:      layout_rooms
D:9:      layout_stronghold, skrybe_limestone_x, kennysheep_doodads
D:10:     layout_loops_ring, dk_yredelemnul_ordeal, uniq_snorg
D:11:     layout_cave_pools, hellmonk_lair_entry_icy
D:12:     layout_basic, minmay_orc_entry_guard_dogs,
          einodemon_armed_red_devil_minivault, uniq_rupert

Skill      XL: |  1  2  3  4  5  6  7  8  9 10 11 |
---------------+----------------------------------+-----
Shields        | 4 5 6 7 8 |  8.1
Fighting       | 4 5 6 7 8 |  8.9
Axes           | 3 4 5 |  5.0
Armour         | 4 5 6 7 8 10 | 10.3
Maces & Flails | 1 3 5 8 10 11 12 | 12.0
Dodging        | 1 2 |  2.9
Throwing       | 1 2 3 4 |  4.0
Stealth        | 1 2 |  2.7

Action                     |  1- 3 |  4- 6 |  7- 9 | 10-12 || total
---------------------------+-------+-------+-------+-------++-------
  Melee: War axe           |    80 |    32 |       |       ||   112
         Headbutt          |     4 |     7 |    29 |    18 ||    58
         Flail             |       |    50 |   216 |   110 ||   376
  Throw: Boomerang         |       |     5 |    20 |     4 ||    29
 Invoke: Call Merchant     |       |       |       |     1 ||     1
    Use: Scroll            |       |     2 |     6 |     3 ||    11
         Potion            |       |       |     1 |     2 ||     3
   Stab: Distracted        |       |     1 |     1 |     2 ||     4
 Armour: Scale mail        |    49 |       |       |       ||    49
         Chain mail        |    15 |    72 |    96 |       ||   183
         Plate armour      |       |       |    42 |   104 ||   146
  Dodge: Dodged            |    81 |    70 |   122 |    77 ||   350
  Block: Buckler           |    28 |    23 |    80 |    66 ||   197
         Reflection        |       |       |     5 |     1 ||     6
         Form:             |       |       |       |     1 ||     1
         Maw               |       |       |       |     1 ||     1

Table legend: (Time is in decaauts)
 A = Elapsed time spent in this place.
 B = Non-inter-level travel time spent in this place.
 C = Inter-level travel time spent in this place.
 D = Time resting spent in this place.
 E = Time spent auto-exploring this place.
 F = Levels seen in this place.
 G = Mean time per level.
                   A        B        C        D        E       F      G
               +--------+--------+--------+--------+--------+-----+--------+
         Total |   9596 |   9110 |    486 |    723 |      0 |  12 |  799.7 |
       Dungeon |   9596 |   9110 |    486 |    723 |      0 |  12 |  799.7 |
               +--------+--------+--------+--------+--------+-----+--------+

Top non-repeatable levels by time:
     D:3: 1301 daAuts
     D:6: 1076 daAuts
    D:10: 962 daAuts
     D:4: 959 daAuts
     D:1: 955 daAuts
     D:7: 902 daAuts
     D:9: 810 daAuts
     D:2: 732 daAuts
     D:5: 673 daAuts
     D:8: 632 daAuts
    D:11: 571 daAuts
    D:12: 18 daAuts
